 Dungeon Crawl Stone Soup version 0.21-a0-210-gbfa5647 (webtiles) character file.

238 tehllama the Insei (level 6, 0/39 HPs)
             Began as an Octopode Transmuter on Aug 21, 2017.
             Slain by a leopard gecko (5 damage)
             ... on level 4 of the Dungeon.
             The game lasted 00:03:36 (2517 turns).

tehllama the Insei (Octopode Transmuter)            Turns: 2517, Time: 00:03:37

Health: 0/39       AC:  1    Str: 11    XL:     6   Next: 7%
Magic:  8/9        EV: 13    Int: 15    God:
Gold:   113        SH:  0    Dex: 13    Spells: 8/9 levels left

rFire    . . .     SeeInvis .     - Unarmed
rCold    . . .     Gourm    .   (no shield)
rNeg     . . .     Faith    +   (helmet restricted)
rPois    .         Spirit   .   e - amulet of faith
rElec    .         Reflect  .   (no ring)
rCorr    .         Harm     .   (no ring)
MR       .....                  (no ring)
Stlth    +++.......             (no ring)
HPRegen  0.13/turn              (no ring)
MPRegen  0.11/turn              (no ring)
                                (no ring)
                                (no ring)

@: appendage (expiring), hasted, very quick
A: almost no armour, stealthy swim, amphibious, 8 rings, constrict 8, tentacle
spike 3, camouflage 1, gelatinous body 1
a: End Transformation


You were on level 4 of the Dungeon.
You were very hungry.
One of your tentacles had a temporary spike.
You visited 1 branch of the dungeon, and saw 4 of its levels.

You collected 113 gold pieces.

Inventory:

Missiles
 a - 32 arrows
Armour
 u - a +0 buckler
Jewellery
 e - an amulet of faith (around mantle)
Wands
 s - a wand of digging (12/24)
Scrolls
 f - 3 scrolls of teleportation {unknown}
 h - 2 scrolls of fog {unknown}
 i - a scroll of immolation
 l - a scroll of remove curse {unknown}
 n - 2 scrolls of recharging {unknown}
 t - 2 scrolls of magic mapping {unknown}
 w - a scroll of fear {unknown}
 x - a scroll of enchant armour {unknown}
Potions
 d - a potion of ambrosia
 g - a potion of might
 k - a potion of curing
 p - 3 potions of flight
 r - a potion of agility
Books
 b - a book of Changes

   Spells                             Type                      Level
   a - Beastly Appendage              Transmutation                1
   b - Sticks to Snakes               Transmutation                2
   c - Spider Form                    Transmutation/Poison         3
   d - Ice Form                       Ice/Transmutation            4
   e - Blade Hands                    Transmutation                5
Comestibles
 c - a bread ration
 q - a royal jelly
 v - 4 fruits


   Skills:
 + Level 2.2 Fighting
 + Level 2.0 Dodging
 + Level 3.8 Stealth
 + Level 0.0 Shields
 * Level 5.5 Unarmed Combat
 + Level 2.0 Spellcasting
 * Level 2.0 Transmutations


You had 8 spell levels left.
You knew the following spells:

 Your Spells              Type           Power        Failure   Level  Hunger
a - Beastly Appendage     Tmut           #.....       10%         1    #......


Dungeon Overview and Level Annotations

Branches:
Dungeon (4/15)
 Temple: D:4-7

Altars:
Dithmenos
Trog
Yredelemnul
Zin


Innate Abilities, Weirdness & Mutations

You cannot wear most types of armour.
You are very stealthy in the water. (Stealth+)
You are amphibious.
You can wear up to eight rings at the same time.
You can use your tentacles to constrict eight enemies at once.
Your skin changes colour to match your surroundings (Stealth+).
Your rubbery body absorbs attacks. (AC +1, EV +1)
One of your tentacles bears a large vicious spike.


Message History

You barely miss the ogre. The ogre barely misses you.
The leopard gecko closely misses you.
You tentacle-slap the ogre.
You pierce the ogre.
The ogre is lightly wounded.
The ogre misses you. The leopard gecko barely misses you.
You bludgeon the ogre!
The ogre is heavily wounded.
The leopard gecko completely misses you.
The ogre hits you with a giant club!
You barely miss the ogre.
Your tentacle spike misses the ogre.
Your squeeze misses the ogre.
The ogre is heavily wounded.
Your transformation is almost over.
The leopard gecko closely misses you.
You tentacle-slap the ogre but do no damage.
The ogre is heavily wounded.
The leopard gecko bites you. The ogre hits you with a giant club!
* * * LOW HITPOINT WARNING * * *
You feel yourself speed up. The leopard gecko bites you.
You die...

.##.....#......#
..$......>.###.#
# #.†...#... .#
# #.##..#.###.#
#.#...........#
#...........###
#...........#
..........lO<..#
#########..@...#
#..(...#
########


You could see an ogre and a leopard gecko.

Vanquished Creatures
  An iguana (D:4)
  Jessica (D:2)
  Natasha (thrice) (D:2)
  A howler monkey skeleton (D:3)
  An adder (D:4)
  3 worms (D:2)
  2 dart slugs
  4 leopard geckos
  2 orcs (D:3)
  3 giant cockroaches
  6 goblins
  4 hobgoblins
  6 jackals
  3 quokkas
  A ball python (D:3)
  12 bats
  6 frilled lizards
  8 kobolds
  9 rats
76 creatures vanquished.

Notes
Turn   | Place    | Note
-------+----------+-------------------------------------------
     0 | D:1      | tehllama the Octopode Transmuter began the quest for the Orb.
     0 | D:1      | Reached XP level 1. HP: 13/13 MP: 3/3
   294 | D:1      | Reached XP level 2. HP: 12/18 MP: 3/5
   734 | D:1      | Reached skill level 4 in Unarmed Combat
   839 | D:2      | Reached XP level 3. HP: 18/23 MP: 6/6
   919 | D:2      | Noticed Natasha
   926 | D:2      | Killed Natasha
   926 | D:2      | Reached skill level 1 in Stealth
  1050 | D:2      | Noticed Natasha
  1056 | D:2      | Killed Natasha
  1056 | D:2      | Reached XP level 4. HP: 10/28 MP: 5/7
  1282 | D:2      | Noticed Natasha
  1288 | D:2      | Killed Natasha
  1292 | D:2      | Reached XP level 5. HP: 31/34 MP: 8/8
  1340 | D:2      | Found a basalt altar of Yredelemnul.
  1415 | D:2      | Found a shadowy altar of Dithmenos.
  1417 | D:2      | Found a bloodstained altar of Trog.
  1576 | D:2      | Noticed Jessica
  1585 | D:2      | Killed Jessica
  1585 | D:2      | Reached skill level 5 in Unarmed Combat
  2201 | D:3      | Found a glowing silver altar of Zin.
  2497 | D:4      | Noticed an ogre
  2501 | D:4      | Reached XP level 6. HP: 31/39 MP: 9/9
  2517 | D:4      | Slain by a leopard gecko

Vault maps used:
D:1:      dpeg_arrival_chase
D:2:      nicolae_overflow_hidden_temple, lemuel_doored_altar, uniq_natasha,
          uniq_jessica
D:3:      zin_scriptorium
D:4:      first_bread

Skill      XL: |  1  2  3  4  5 |
---------------+----------------+-----
Unarmed Combat | 4 5 |  5.5
Stealth        | 2 3 |  3.8
Fighting       | 2 |  2.2
Dodging        | |  2.0
Spellcasting   | |  2.0
Transmutations | |  2.0

Action                   |  1- 3 |  4- 6 || total
-------------------------+-------+-------++-------
Melee: Unarmed           |    62 |   113 ||   175
       Constrict         |    17 |    27 ||    44
       Tentacles         |    10 |    17 ||    27
       Punch             |     1 |     6 ||     7
       Kick              |     2 |     4 ||     6
 Cast: Beastly Appendage |     3 |     3 ||     6
Evoke: Wand              |       |     1 ||     1
  Use: Scroll            |       |     7 ||     7
       Potion            |       |     1 ||     1
 Stab: Sleeping          |     4 |     6 ||    10
  Eat: Chunk             |       |     4 ||     4
Armor: Skin              |     4 |     9 ||    13
Dodge: Dodged            |    47 |    65 ||   112

Table legend:
 A = Spawn XP
 B = Non-spawn XP
 C = Spawn XP percentage of total XP
 D = Spawn monster count
 E = Non-spawn monster count
 F = Spawn count percentage of total count
 G = Total turns spent on level
                    A         B        C        D         E        F      G
               +---------+---------+-------+---------+---------+-------+---------
         Total |      11 |     329 |   3.2 |       7 |      69 |   9.2 |  2517
               +---------+---------+-------+---------+---------+-------+---------
           D:1 |       5 |      28 |  15.2 |       2 |      19 |   9.5 |   828
           D:2 |       3 |     187 |   1.6 |       2 |      25 |   7.4 |   810
           D:3 |       3 |      61 |   4.7 |       3 |      23 |  11.5 |   849
           D:4 |       0 |      53 |   0.0 |       0 |       2 |   0.0 |    30
               +---------+---------+-------+---------+---------+-------+---------
